Map: Eternal Empire LE

Players

JohnnyV - Winner!

  • Race: Terran Terran
  • League: Bronze
  • Spawn Location: 7:00

猿飛佐助

  • Race: Protoss Protoss
  • Spawn Location: 1:00

VOD

Have the link to the VOD?

Description

Time

  • Played on: April 29, 2020, 11:35 a.m.
  • Length: 4:10
Show
View Real Time Build Order
Export as new Build Order

JohnnyV Terran - Winner!

Build Orders:  

Get SALT Encoding   

  12  0:01  SCV  
  13  0:17  SCV, Supply Depot  
  14  0:26  Refinery  
  14  0:29  SCV  
  15  0:42  Barracks  
  15  0:46  SCV  
  16  0:58  SCV  
  17  1:09  Refinery  
  17  1:10  SCV  
  18  1:22  SCV  
  19  1:29  Marine  
  20  1:33  Bunker  
  20  1:34  SCV  
  21  1:46  SCV, Factory  
  22  1:48  Marine  
  23  2:11  Barracks Reactor  
  23  2:16  Supply Depot  
  23  2:21  Orbital Command  
  23  2:40  Factory Tech Lab  
  23  2:48  Starport  
  23  3:03  Marine x2  
  23  3:04  Siege Tank  
  28  3:09  SCV  
  28  3:15  Command Center  
  28  3:24  Marine  
  28  3:25  Marine, Refinery  
  30  3:36  Supply Depot  
  30  3:50  SCV  
Show
View Real Time Build Order
Export as new Build Order

猿飛佐助 Protoss 

Build Orders:  

Get SALT Encoding   

  12  0:02  Probe  
  13  0:15  Pylon  
  13  0:18  Probe  
  14  0:30  Probe  
  15  0:36  Gateway  
  15  0:42  Probe  
  16  0:45  Assimilator  
  16  0:59  Gateway  
  16  1:07  Assimilator  
  16  1:10  Probe  
  17  1:22  Probe  
  17  1:24  Cybernetics Core  
  18  1:35  Probe  
  19  1:48  Probe  
  20  2:00  Probe  
  21  2:08  Pylon  
  21  2:09  Warp Gate (Chrono Boost)  
  21  2:12  Probe  
  21  2:13  Pylon  
  22  2:26  Stalker  
  22  2:29  Gateway  
  24  2:31  Gateway  
  24  2:46  Probe  
  25  2:54  Pylon  
  25  3:38  Stalker x2  
  25  3:39  Stalker x2  
Tags
 
Add a new tag
Caveats
  • Supply blocks, unpowered buildings, or Contaminate may cause inaccurate times.
  • Supply counts are checked every 10 seconds.